 Dungeon Sprint DCSS version bcrawl-1.15.1-4-g77d781cab4 (webtiles) character file.

Game seed: 5553658506456975625

18462 Groucho the Tortoise (level 12, -10/88 HPs)
             Began as a Gargoyle Fighter on Oct 7, 2019.
             Was a Priest of Cheibriados.
             Mangled by an orc warlord
             ... wielding a +0 long sword
              (19 damage)
             ... in the Dungeon (Sprint VII: "The Pits") on Oct 8, 2019.
             The game lasted 00:12:18 (3419 turns).

Groucho the Tortoise (Gargoyle Fighter)             Turns: 3419, Time: 00:12:19

Health: -10/88     AC: 30    Str: 29    XL:     12   Next: 58%
Magic:  13/23      EV: 11    Int: 17    God:    Cheibriados [***...]
Gold:   0          SH: 16    Dex: 24    Spells: 11/11 levels left

rFire    . . .     SeeInvis .   v - +2 morningstar (crush)
rCold    . . .     Gourm    .   c - +0 shield
rNeg     + . .     Faith    .   r - +3 chain mail
rPois    ∞         Spirit   .   (no helmet)
rElec    +         Reflect  .   (no cloak)
rCorr    .         Harm     .   w - +0 pair of gloves
MR       .....     NoTele   +   (no boots)
Stlth    ..........             (no amulet)
HPRegen  0.24/turn              b - +3 ring of dexterity
MPRegen  0.18/turn              s - +3 ring of protection

@: very slow
A: negative energy resistance 1, electricity resistance, unbreathing,
petrification resistance, rot immunity, AC +8
a: Bend Time, Temporal Distortion, Renounce Religion


You were in the Dungeon.
You worshipped Cheibriados.
Cheibriados was most pleased with you.
You were not hungry.

You visited 1 branch

Inventory:

Hand Weapons
 v - a +2 morningstar of crushing (weapon)
Missiles
 m - a stone (quivered)
Armour
 c - a +0 shield (worn)
 r - a +3 chain mail (worn)
 w - a +0 pair of gloves (worn)
Jewellery
 b - a +3 ring of dexterity (left hand)
 s - a +3 ring of protection (right hand)
Scrolls
 g - 4 scrolls of enchant armour
 k - 2 scrolls of blinking
 n - 2 scrolls of vulnerability
 o - 3 scrolls of remove curse
 p - 5 scrolls of amnesia
 q - a scroll of summoning
 x - 2 scrolls of fog
 y - a scroll of identify
 z - a scroll of fear
Potions
 a - a potion of invisibility
 d - a potion of might
 e - 10 potions of curing
 h - a potion of haste
 i - 3 potions of magic
 j - 5 potions of berserk rage
 l - 15 potions of heal wounds
 t - 2 potions of agility
 u - 2 potions of mutation
Comestibles
 f - 7 rations {!d}


   Skills:
 + Level 15.4 Fighting
 + Level 14.2 Maces & Flails
 * Level 15.6 Armour
 * Level 2.7 Dodging
 + Level 15.4 Shields
 + Level 14.8 Invocations


You had 11 spell levels left.
You didn't know any spells.
Your spell library was empty.

Dungeon Overview and Level Annotations

Branches:
Dungeon (1/1)

Altars:
Ashenzari
Cheibriados
Dithmenos
Elyvilon
Fedhas
Gozag
Hepliaklqana
Kikubaaqudgha
Lugonu
Makhleb
Nemelex Xobeh
Okawaru
Qazlal
Ru
Sif Muna
Trog
Uskayaw
Vehumet
Wu Jian
Xom
Yredelemnul
Zin
The Shining One
Beogh
Jiyva


Innate Abilities, Weirdness & Mutations

You are resistant to torment.
Your stone body is resilient. (AC +8)
You are immune to poison.
You resist negative energy. (rN+)
You are resistant to electric shocks. (rElec)
You can survive without breathing.
You are immune to petrification.
You are immune to rotting.


Message History

Unknown command.
You feel much better. You block the orc knight's attack.
The orc warlord hits you but does no damage.
You block the orc knight's attack.
The yaktaur unwields a +0 arbalest.
The yaktaur hits you but does no damage.
You block the orc knight's attack. The orc warlord misses you.
The orc knight hits you from afar with a +2 glaive!!
* * * LOW HITPOINT WARNING * * *
You feel much better.
A vault guard comes into view. It is wielding a +1 great sword.
You block the orc warlord's attack. You block the orc knight's attack. x2
You block the yaktaur's attack.
You feel much better.
The orc warlord hits you from afar with a +1 halberd!!
The orc knight hits you with a +3 broad axe!!
* * * LOW HITPOINT WARNING * * *
You block the orc knight's attack.
The orc knight hits you but does no damage.
The orc warlord hits you with a +0 long sword!!
You die...

++###############################
...................[.............
..†................).............
..##############''##############.
..# #.o@o..# #. ..# #.cooo.# #.
..# #.ooo4.# #. ..# ###o.### #.
..#


po.Y #. ..# ..... #. ..# #....## #. ..# #....# #. ..# ##..## #. You could see 2
orc warlords, a vault guard, 8 orc knights, a yaktaur, a yak and a chaos spawn.

Vanquished Creatures
  A deep elf annihilator (D)
  A fire dragon (D)
  Erolcha (D)
  Josephine (D)
  An ice dragon (D)
  A merfolk avatar (D)
  A centaur warrior (D)
  An alligator snapping turtle (D)
  An orc high priest (D)
  A shadow wraith (D)
  A sea snake (D)
  An unseen horror (D)
  A swamp dragon (D)
  A spriggan druid (D)
  Pikel (D)
  A lindwurm (D)
  A deep elf mage (D)
  A black mamba (D)
  4 molten gargoyles (D)
  A gargoyle (D)
  A cane toad (D)
  An orange demon (D)
  A kobold demonologist (D)
  A guardian mummy (D)
  A demonic crawler (D)
  A troll (D)
  A hellwing (D)
  2 tyrant leeches (D)
  A dream sheep (D)
  A bog body (D)
  A spriggan (D)
  A shadow (D)
  A basilisk (D)
  A redback (D)
  A large abomination (D)
  3 wraiths (D)
  6 yaks (D)
  A steam dragon (D)
  An acid dragon (D)
  A soldier ant (shapeshifter) (D)
  A water moccasin (D)
  Purgy (D)
  3 orc warriors (D)
  A swamp drake (D)
  An eye of draining (D)
  A slave (D)
  2 centaurs (D)
  An ogre (D)
  A bullfrog (D)
  A small abomination (D)
  4 killer bees (D)
  3 wights (D)
  An orc priest (D)
  A gnoll shaman (D)
  2 hounds (D)
  An iguana (D)
  An orc wizard (D)
  A worker ant (D)
  5 gnolls (D)
  An adder (D)
  A white imp (D)
  An ooze (D)
  A leopard gecko (D)
  5 orcs (D)
  A ball python (D)
  A giant cockroach (D)
  A goblin (D)
  3 jackals (D)
  A quokka (D)
  2 bat simulacra (D)
  A leopard gecko skeleton (D)
  A quokka skeleton (D)
103 creatures vanquished.

Vanquished Creatures (others)
  An orc (D)
1 creature vanquished.

Grand Total: 104 creatures vanquished

Notes
Turn   | Place    | Note
-------+----------+-------------------------------------------
     0 | D        | Groucho the Gargoyle Fighter began the quest for the Orb.
     0 | D        | Reached XP level 1. HP: 14/14 MP: 1/1
    21 | D        | Found a bloodstained altar of Trog.
    21 | D        | Found a shimmering blue altar of Sif Muna.
    21 | D        | Found a viscous altar of Jiyva.
    21 | D        | Found a hazy altar of Hepliaklqana.
    21 | D        | Found an opulent altar of Gozag.
    22 | D        | Found a glowing golden altar of the Shining One.
    22 | D        | Found a glowing silver altar of Zin.
    22 | D        | Found a basalt altar of Yredelemnul.
    22 | D        | Found a shimmering altar of Xom.
    22 | D        | Found an ornate altar of the Wu Jian Council.
    22 | D        | Found a sacrificial altar of Ru.
    22 | D        | Found a stormy altar of Qazlal.
    22 | D        | Found an iron altar of Okawaru.
    22 | D        | Found a sparkling altar of Nemelex Xobeh.
    22 | D        | Found a burning altar of Makhleb.
    22 | D        | Found a blossoming altar of Fedhas.
    22 | D        | Found a white marble altar of Elyvilon.
    22 | D        | Found a shadowy altar of Dithmenos.
    22 | D        | Found a snail-covered altar of Cheibriados.
    24 | D        | Found a radiant altar of Vehumet.
    24 | D        | Found a corrupted altar of Lugonu.
    24 | D        | Found a roughly hewn altar of Beogh.
    25 | D        | Found a hide-covered altar of Uskayaw.
    25 | D        | Found an ancient bone altar of Kikubaaqudgha.
    25 | D        | Found a shattered altar of Ashenzari.
    33 | D        | Became a worshipper of Cheibriados the Contemplative
    78 | D        | Reached * piety under Cheibriados
    81 | D        | Reached XP level 2. HP: 20/20 MP: 2/2
    88 | D        | Reached ** piety under Cheibriados
    95 | D        | Reached *** piety under Cheibriados
   112 | D        | Reached XP level 3. HP: 15/24 MP: 3/3
   117 | D        | Reached **** piety under Cheibriados
   123 | D        | Reached ***** piety under Cheibriados
   130 | D        | Reached skill level 5 in Fighting
   130 | D        | Reached skill level 5 in Armour
   130 | D        | Reached skill level 5 in Shields
   130 | D        | Reached skill level 1 in Invocations
   130 | D        | Reached XP level 4. HP: 23/31 MP: 3/5
   213 | D        | Noticed Purgy
   220 | D        | Killed Purgy
   220 | D        | Reached skill level 5 in Maces & Flails
   220 | D        | Reached XP level 5. HP: 32/36 MP: 5/7
   248 | D        | Noticed a centaur
   248 | D        | Noticed a centaur
   249 | D        | Killed a centaur
   249 | D        | Reached skill level 5 in Invocations
   249 | D        | Reached XP level 6. HP: 44/44 MP: 9/9
   249 | D        | Reached ****** piety under Cheibriados
   283 | D        | Noticed a kobold demonologist
   284 | D        | Noticed an ice devil
   285 | D        | Noticed a neqoxec
   288 | D        | Noticed a sixfirhy
   289 | D        | Killed a kobold demonologist
   289 | D        | Reached XP level 7. HP: 10/45 MP: 0/12
   512 | D        | Noticed Pikel
   519 | D        | Killed Pikel
   519 | D        | Reached XP level 8. HP: 48/57 MP: 7/14
   768 | D        | Noticed a guardian mummy
   768 | D        | Noticed a spriggan
   769 | D        | Killed a spriggan
   770 | D        | Reached skill level 10 in Fighting
   770 | D        | Reached skill level 10 in Armour
   770 | D        | Reached skill level 10 in Shields
   772 | D        | Killed a guardian mummy
   772 | D        | Reached XP level 9. HP: 51/62 MP: 4/15
   972 | D        | Noticed a black mamba
   973 | D        | Noticed a molten gargoyle
   977 | D        | Killed a black mamba
   980 | D        | Killed a molten gargoyle
  1110 | D        | Reached skill level 10 in Maces & Flails
  1110 | D        | Reached skill level 10 in Invocations
  1305 | D        | Noticed a spriggan druid
  1305 | D        | Noticed a deep elf mage
  1306 | D        | Killed a spriggan druid
  1308 | D        | Killed a deep elf mage
  1308 | D        | Reached XP level 10. HP: 71/71 MP: 6/18
  1394 | D        | Noticed an orange demon
  1394 | D        | Noticed a molten gargoyle
  1395 | D        | Killed an unseen horror
  1397 | D        | Killed an orange demon
  1397 | D        | Killed a molten gargoyle
  1491 | D        | Noticed a swamp dragon
  1498 | D        | Killed a swamp dragon
  1518 | D        | Killed a shadow wraith
  1518 | D        | Reached XP level 11. HP: 78/78 MP: 3/20
  1605 | D        | Noticed Josephine
  1610 | D        | Killed Josephine
  1920 | D        | Noticed a centaur warrior
  1920 | D        | Noticed a lindwurm
  1924 | D        | Killed a centaur warrior
  1925 | D        | Killed a lindwurm
  1937 | D        | Noticed an alligator snapping turtle
  1937 | D        | Noticed a sea snake
  1937 | D        | Noticed a merfolk avatar
  1937 | D        | Noticed Erolcha
  1941 | D        | Killed a sea snake
  1941 | D        | Killed Erolcha
  1943 | D        | Killed a merfolk avatar
  1943 | D        | Reached XP level 12. HP: 60/86 MP: 12/22
  1956 | D        | Killed an alligator snapping turtle
  2783 | D        | Noticed an orc high priest
  2789 | D        | Killed an orc high priest
  2837 | D        | Reached skill level 15 in Fighting
  2837 | D        | Reached skill level 15 in Armour
  2837 | D        | Reached skill level 15 in Shields
  2905 | D        | Noticed an ice dragon
  2915 | D        | Killed an ice dragon
  3132 | D        | Noticed a fire dragon
  3139 | D        | Killed a fire dragon
  3139 | D        | Reached skill level 1 in Dodging
  3290 | D        | Noticed a deep elf annihilator
  3311 | D        | Killed a deep elf annihilator
  3412 | D        | Noticed an orc warlord
  3412 | D        | Noticed an orc warlord
  3418 | D        | Noticed a vault guard
  3419 | D        | Mangled by an orc warlord

Skill      XL: |  1  2  3  4  5  6  7  8  9 10 11 12 |
---------------+-------------------------------------+-----
Fighting       | 4 5 6 7 8 9 10 11 13 14 15 | 15.4
Armour         | 4 5 6 7 8 9 10 11 13 14 15 | 15.6
Shields        | 4 5 6 7 8 9 10 11 13 14 15 | 15.4
Maces & Flails | 3 4 5 7 8 9 10 11 13 14 | 14.2
Invocations    | 1 3 5 7 8 9 10 12 13 14 | 14.8
Dodging        | 2 |  2.7

Action                   |  1- 3 |  4- 6 |  7- 9 | 10-12 || total
-------------------------+-------+-------+-------+-------++-------
Melee: Mace              |    33 |     2 |       |       ||    35
       Flail             |     6 |    17 |     6 |       ||    29
       Morningstar       |       |       |    12 |    77 ||    89
Throw: Stone             |       |       |     1 |     8 ||     9
Invok: Slouch            |       |     3 |     6 |    36 ||    45
  Use: Potion            |     2 |       |       |     4 ||     6
 Stab: Invisible         |     1 |     1 |       |       ||     2
  Eat: Ration            |       |       |       |     2 ||     2
       Chunk             |       |       |       |     1 ||     1
Armor: Scale mail        |    22 |     1 |       |       ||    23
       Chain mail        |       |    21 |     7 |    47 ||    75
Dodge: Dodged            |     9 |    11 |     4 |    30 ||    54
Block: Shield            |    32 |    22 |     7 |    86 ||   147
